 Dungeon Crawl Stone Soup version 0.31-a0-659-gc5a091b79a (webtiles) character file.

Game seed: 8101722564421659806

648 Gargoyl the Chopper (level 7, -1/66 HPs)
             Began as a Gargoyle Berserker on Aug 31, 2023.
             Was a Believer of Trog.
             Slain by an iguana (8 damage)
             ... on level 5 of the Dungeon.
             The game lasted 00:04:47 (4388 turns).

Gargoyl the Chopper (Gargoyle Berserker)            Turns: 4388, Time: 00:04:48

Health: -1/66      AC: 14    Str: 20    XL:     7   Next: 53%
Magic:  7/7        EV: 10    Int:  8    God:    Trog [**....]
Gold:   209        SH:  0    Dex: 11    Spells: 6/6 levels left

rFire   . . .        a - +0 hand axe
rCold   . . .        (no shield)
rNeg    + . .        c - +0 scale mail
rPois   ∞            o - +0 helmet
rElec   +            e - +0 cloak
rCorr   .            (no gloves)
SInv    .            (no boots)
Will    .....        (no amulet) Stlth
                     (no ring)
HPRegen 0.31/turn    (no ring)
MPRegen 0.10/turn

%: clarity
@: berserking, very quick
A: sickness immunity, AC +4, negative energy resistance 1, electricity
resistance, torment resistance 1, petrification resistance, hooves 1, clarity
a: Renounce Religion, Berserk, Trog's Hand


You were on level 5 of the Dungeon.
You worshipped Trog.
Trog was pleased with you.
You visited 1 branch of the dungeon, and saw 5 of its levels.

You collected 209 gold pieces.

Inventory:

Hand Weapons
 a - a +0 hand axe (weapon)
 i - a +2 spear of venom
Missiles
 f - 10 poisoned darts (quivered)
Armour
 c - a +0 scale mail (worn)
 e - a +0 cloak (worn)
 o - a +0 helmet (worn)
Wands
 g - a wand of polymorph (25)
Scrolls
 b - a scroll of blinking
 n - 3 scrolls of teleportation
Potions
 d - 2 potions of lignification {unknown}
 h - a potion of degeneration {unknown}
 j - 2 potions of might {unknown}
 k - a potion of berserk rage {unknown}
 l - 2 potions of curing {unknown}
 m - a potion of attraction {unknown}
 p - a potion of cancellation {unknown}
 q - a potion of mutation
 r - a potion of ambrosia {unknown}


   Skills:
 + Level 4.8 Fighting
 + Level 5.5 Axes
 + Level 4.1 Armour
 + Level 3.0 Dodging
 + Level 1.8 Stealth


You had 6 spell levels left.
You didn't know any spells.
Your spell library was empty.

Dungeon Overview and Level Annotations

Branches:
Dungeon (5/15)
 Temple: D:4-7

Altars:


Innate Abilities, Weirdness & Mutations

You are immune to sickness and miasma.
Your stone body is resilient. (AC +4)
You are immune to poison.
You resist negative energy. (rN+)
You are resistant to electric shocks. (rElec)
You are resistant to unholy torment.
You are immune to petrification.
You have large cloven feet.
You possess an exceptional clarity of mind.


Message History

The iguana is moderately wounded.
The iguana bites you!
You barely miss the iguana. Your kick misses the iguana.
The iguana is moderately wounded.
The iguana barely misses you.
You hit the iguana but do no damage.
The iguana is moderately wounded.
The iguana bites you.
You hit the iguana. You kick the iguana.
The iguana is severely wounded.
The iguana bites you but does no damage.
You closely miss the iguana. You kick the iguana.
The iguana is severely wounded.
The iguana bites you.
You hit the iguana.
The iguana is almost dead.
The iguana closely misses you.
You closely miss the iguana. Your kick misses the iguana.
The iguana is almost dead.
The iguana bites you!
* * * LOW HITPOINT WARNING * * *
You hit the iguana. Your kick misses the iguana.
The iguana is almost dead.
The iguana bites you.
* * * LOW HITPOINT WARNING * * *
You hit the iguana but do no damage. Your kick misses the iguana.
The iguana is almost dead.
The iguana bites you.
* * * LOW HITPOINT WARNING * * *
You hit the iguana but do no damage.
The iguana is almost dead.
The iguana completely misses you.
Unknown command.
A red film seems to cover your vision as you go berserk!
You feel yourself moving faster!
You feel mighty! The iguana closely misses you.
You completely miss the iguana.
The iguana is almost dead.
The iguana bites you!
You die...

#........^..######
#.########........
#.#......#..######
#.#.###.##.)......
#.#.###.##..######
#.#.........#
#.#####.###.# #.#
#.# ### #@#
#.########## #l#
#........... #.#
############ #.#
..# #.# ###


You could see an iguana.

Vanquished Creatures
  Sigmund (D:2)
  A water moccasin (D:5)
  A black bear (D:5)
  A hound (D:4)
  Terence (D:2)
  3 orc wizards (D:4)
  Robin (D:4)
  4 gnolls (D:4)
  2 adders
  A worm (D:2)
  8 orcs
  8 ball pythons
  2 bats
  5 endoplasms
  4 giant cockroaches
  9 goblins
  9 hobgoblins
  5 jackals
  3 quokkas
  3 frilled lizards
  9 kobolds
  8 rats
89 creatures vanquished.

Notes
Turn   | Place    | Note
-------+----------+-------------------------------------------
     0 | D:1      | Gargoyl the Gargoyle Berserker began the quest for the Orb.
     0 | D:1      | Reached XP level 1. HP: 14/14 MP: 1/1
   300 | D:1      | Reached XP level 2. HP: 8/19 MP: 2/2
   366 | D:1      | Reached skill level 3 in Axes
  1004 | D:1      | Reached XP level 3. HP: 15/24 MP: 3/3
  1390 | D:2      | Gained mutation: You possess an exceptional clarity of
                  | mind. [potion of mutation]
  1390 | D:2      | Gained mutation: You have large cloven feet. [potion of
                  | mutation]
  1607 | D:2      | Noticed Terence
  1613 | D:2      | Killed Terence
  1745 | D:2      | Noticed Sigmund
  1774 | D:2      | Killed Sigmund
  1775 | D:2      | Reached skill level 4 in Axes
  1775 | D:2      | Reached skill level 1 in Stealth
  1775 | D:2      | Reached XP level 4. HP: 3/30 MP: 4/4
  1775 | D:2      | Reached XP level 5. HP: 3/34 MP: 5/5
  1920 | D:2      | Reached XP level 6. HP: 39/39 MP: 6/6
  2684 | D:3      | Reached ** piety under Trog
  3257 | D:4      | Found a glowing drain.
  3325 | D:4      | Noticed Robin
  3337 | D:4      | Killed Robin
  3879 | D:4      | Reached skill level 5 in Axes
  3879 | D:4      | Reached XP level 7. HP: 39/44 MP: 7/7
  3976 | D:5      | Entered Level 5 of the Dungeon
  4388 | D:5      | Slain by an iguana

Illustrated notes

Levels and vault maps discovered:
D:1:      dpeg_arrival_stone_temple_mockup, layout_basic, minmay_pentomino_r2
D:2:      layout_basic, uniq_terence, uniq_sigmund
D:3:      layout_loops_cross, minmay_shallow_snake_nest
D:4:      layout_basic, gup_sewer_entry_glass, serial_curves, eino_curves_03,
          eino_curves_04, eino_curves_03, serial_bayou_lagoon_a,
          minmay_misc_feat_x, moated_statue, uniq_robin
D:5:      layout_basic, dreamdust_princess_bridge, kennysheep_big_empty_room

Skill      XL: |  1  2  3  4  5  6  7 |
---------------+----------------------+-----
Axes           | 3 4 5 |  5.5
Fighting       | 4 |  4.8
Dodging        | 2 3 |  3.0
Stealth        | 1 |  1.8
Armour         | 3 4 |  4.1

Action                     |  1- 3 |  4- 6 |  7- 9 || total
---------------------------+-------+-------+-------++-------
  Melee: Hand axe          |   110 |   159 |    57 ||   326
         Unarmed           |    13 |       |       ||    13
         Kick              |     5 |    36 |    21 ||    62
         Punch             |       |     1 |     1 ||     2
 Invoke: Berserk           |     4 |     2 |     1 ||     7
    Use: Scroll            |     6 |     3 |       ||     9
         Potion            |     1 |       |       ||     1
 Armour: Animal skin       |    70 |       |       ||    70
         Skin              |     8 |       |       ||     8
         Scale mail        |     6 |   134 |    65 ||   205
  Dodge: Dodged            |    49 |    88 |    37 ||   174

Table legend: (Time is in decaauts)
 A = Elapsed time spent in this place.
 B = Non-inter-level travel time spent in this place.
 C = Inter-level travel time spent in this place.
 D = Time resting spent in this place.
 E = Time spent auto-exploring this place.
 F = Levels seen in this place.
 G = Mean time per level.
                   A        B        C        D        E       F      G
               +--------+--------+--------+--------+--------+-----+--------+
         Total |   4471 |   4311 |    160 |      0 |   3364 |   5 |  894.2 |
       Dungeon |   4471 |   4311 |    160 |      0 |   3364 |   5 |  894.2 |
               +--------+--------+--------+--------+--------+-----+--------+

Top non-repeatable levels by time:
     D:1: 1290 daAuts
     D:2: 1100 daAuts
     D:4: 974 daAuts
     D:3: 692 daAuts
     D:5: 413 daAuts
